 Dungeon Crawl Stone Soup version bcrawl-1.36.4 (webtiles) character file.

Game seed: 15792269751796542197

431271 jojo4K the Basher (level 12, 0/83 HPs)
             Began as a Gargoyle Berserker on Aug 19, 2022.
             Was a High Priest of Trog.
             Slain by a redback (3 damage)
             ... on level 2 of the Spider Nest.
             The game lasted 00:32:10 (12732 turns).

jojo4K the Basher (Gargoyle Berserker)             Turns: 12732, Time: 00:32:11

Health: 0/83       AC: 24    Str: 37    XL:     12   Next: 93%
Magic:  12/12      EV:  6    Int: 17    God:    Trog [*****.]
Gold:   723        SH:  0    Dex: 16    Spells: 11/11 levels left

rFire    . . .     SeeInvis .   T - +4 great mace "Ultimatum" {freeze, rPois Str+7 Int+2 Dex-3}
rCold    . . .     Gourm    +   (shield currently unavailable)
rNeg     + . .     Faith    .   l - +0 scale mail
rPois    ∞         Spirit   .   Q - +0 helmet
rElec    +         Reflect  .   q - +0 cloak
rCorr    .                      (no gloves)
MR       +....                  f - +1 pair of boots
Stlth    ..........             K - amulet of the gourmand
HPRegen  1.73/turn              I - +6 ring of dexterity
MPRegen  0.13/turn              V - ring of the Sky {MR+ Str+4 Int+7 Dex+4}

@: berserk cooldown, held, regenerating, slowed, very slow
A: negative energy resistance 1, robust 3, shaggy fur 1, electricity resistance,
unbreathing, petrification resistance, rot immunity, AC +8
a: Berserk, Trog's Hand, Brothers in Arms, Renounce Religion


You were on level 2 of the Spider Nest.
You worshipped Trog.
Trog was extremely pleased with you.
You were very full.

You visited 3 branches of the dungeon, and saw 12 of its levels.
You also visited: Sewer.

You collected 723 gold pieces.

Inventory:

Hand Weapons
 T - the +4 great mace "Ultimatum" (weapon) {freeze, rPois Str+7 Int+2 Dex-3}
   (Trog gifted it to you on level 8 of the Dungeon)

   It has been specially enchanted to freeze those struck by it, increasing
   damage dealt by approximately one third against foes not resistant or
   susceptible to cold, and potentially slowing cold-blooded foes.
   It affects your strength (+7).
   It affects your intelligence (+2).
   It affects your dexterity (-3).
   It protects you from poison.
Missiles
 s - 84 javelins of penetration {=f}
 U - 3 throwing nets {=f}
Armour
 f - a +1 pair of boots (worn)
 j - a +0 medium shield
 l - a +0 scale mail (worn)
 n - a -1 scale mail
 q - a +0 cloak (worn)
 r - a +0 pair of gloves
 Q - a +0 helmet (worn)
Magical Staves
 w - an uncursed staff of cold {unknown}
Jewellery
 g - a +5 ring of dexterity
 p - the ring "Rujy" {+Fly rElec}
   (You took it off a hobgoblin on level 3 of the Dungeon)

   [ring of flight]

   It insulates you from electricity.
   It lets you fly.
 y - a +6 ring of intelligence {unknown}
 I - a +6 ring of dexterity (left hand)
 K - an amulet of the gourmand (around neck)
 V - the ring of the Sky (right hand) {MR+ Str+4 Int+7 Dex+4}
   (You took it off a crimson imp on level 8 of the Dungeon)

   [ring of intelligence]

   It affects your strength (+4).
   It affects your intelligence (+7).
   It affects your dexterity (+4).
   It affects your resistance to hostile enchantments.
Wands
 b - a wand of paralysis (6)
 x - a wand of polymorph (26)
 M - a wand of random effects (6)
 R - a wand of iceblast (15)
Scrolls
 a - a scroll of summoning
 c - 3 scrolls of enchant weapon
 h - 2 scrolls of noise
 i - 21 scrolls of identify
 m - 2 scrolls of enchant armour
 t - 4 scrolls of teleportation
 u - 4 scrolls of magic mapping
 v - 6 scrolls of fear
 E - 7 scrolls of remove curse
 H - 2 scrolls of amnesia {unknown}
 W - a scroll of fog {unknown}
 X - a scroll of torment {unknown}
Potions
 o - 4 potions of heal wounds
 z - 2 potions of agility
 A - a potion of ambrosia
 B - 4 potions of might
 C - 2 potions of haste
 D - 2 potions of flight
 L - a potion of degeneration
Miscellaneous
 d - a lamp of fire
Comestibles
 e - 10 rations {!d}


   Skills:
 - Level 3.3 Fighting
 * Level 14.7 Maces & Flails
 + Level 11.7 Armour
 - Level 1.5 Dodging
 + Level 11.4 Shields


You had 11 spell levels left.
You didn't know any spells.
Your spell library was empty.

Dungeon Overview and Level Annotations

Branches:
Dungeon (8/12)             Temple (0/1) D:6            Lair (2/6) D:8
 Shoals (0/3) Lair:2       Spider (2/3) Lair:2
  Swamp: Lair:2-4     Snake: Lair:2-4       Orc: D:8-11

Altars:
Fedhas
Gozag
Hepliaklqana
Kikubaaqudgha
Makhleb
Nemelex Xobeh
Okawaru
Uskayaw
Vehumet
Xom
The Shining One

Shops:
D:7 %

Annotations:
D:2 1 runed door


Innate Abilities, Weirdness & Mutations

You are resistant to torment.
Your stone body is resilient. (AC +8)
You are immune to poison.
You resist negative energy. (rN+)
You are resistant to electric shocks. (rElec)
You can survive without breathing.
You are immune to petrification.
You are immune to rotting.
You are extremely robust. (+30% HP)
You are covered in fur. (AC +1)


Message History

The redback hits you but does no damage.
The redback closely misses you. The jumping spider pounces on you.
* * * LOW HITPOINT WARNING * * *
You struggle to detach yourself from the web.
You feel a strong urge to attack something.
The orb spider weaves a glowing orb of energy.
An orb of destruction comes into view.
You struggle to detach yourself from the web.
You are no longer berserk.
You are exhausted.
You feel yourself slow down.
The orb fizzles.
The jumping spider leaps!
The redback hits you but does no damage.
The redback bites you but does no damage.
The jumping spider pounces on you but does no damage.
The orb spider begins to weave its threads into a brightly glowing ball.
You struggle to detach yourself from the web.
The redback hits you.
* * * LOW HITPOINT WARNING * * *
The redback barely misses you. The redback hits you.
You die...

................
.....^........s.
#..........
#.°..#....
#s...# .
#.s.s###
#.#.°s.#
#..#.○..##
#...#.s@s.##
....^#.s††..#
.."...##..†..#
#..... ##<#.%#
#.#..# #.##..#
#..#..# #..#..^
#### ...


You could see 4 orb spiders, a jumping spider and 2 redbacks.

Vanquished Creatures
  An emperor scorpion (Spider:2)
  Urug (Lair:2)
  Harold (D:8)
  Psyche (D:8)
  A two-headed ogre (D:8)
  A centaur warrior (D:7)
  An orange crystal statue (Spider:1)
  2 wolf spiders
  A manticore (Lair:2)
  An orb spider (Spider:1)
  A black mamba (Lair:2)
  5 elephants (Lair:2)
  A cane toad (Lair:2)
  6 jumping spiders
  3 demonic crawlers
  3 trolls
  Prince Ribbit (D:8)
  A hornet (D:8)
  2 hippogriffs
  13 yaks
  4 tarantellas
  A basilisk (Lair:1)
  6 redbacks
  4 crocodiles
  Edmund (D:6)
  4 porcupines
  A water moccasin (Lair:1)
  3 orc warriors
  7 phantoms
  2 ice beasts (D:8)
  2 ogres
  5 wolves (Lair:2)
  8 bullfrogs
  A kobold brigand (D:7)
  A centaur (D:6)
  3 scorpions
  An electric eel (Lair:1)
  4 vampire bats (Lair:2)
  5 wights (D:8)
  An orc priest (D:3)
  2 howler monkeys (D:6)
  4 crimson imps
  5 hounds
  A jelly (D:8)
  6 orc wizards
  2 gnoll shamans
  A bullfrog skeleton (D:5)
  An iguana (D:7)
  5 hell rats
  5 worker ants
  2 hound skeletons
  2 howler monkey zombies
  10 gnolls
  A howler monkey skeleton (D:4)
  2 worker ant zombies
  14 adders
  2 river rats (Sewer)
  2 shadow imps
  An ooze (D:4)
  An adder skeleton (D:2)
  An adder zombie (D:4)
  3 worms
  4 dart slugs
  5 leopard geckos
  26 orcs
  4 giant cockroaches
  10 goblins
  11 hobgoblins
  5 jackals (D:3)
  9 kobolds
  3 quokkas
  11 ball pythons
  10 bats
  A frilled lizard (Sewer)
  A jackal zombie (D:4)
  A quokka zombie (D:4)
  29 rats
314 creatures vanquished.

Vanquished Creatures (collateral kills)
  An orc priest (D:6)
  2 gnolls (D:6)
  An orc (D:6)
4 creatures vanquished.

Vanquished Creatures (others)
  An orb spider (Spider:2)
  45 fungi (D:8)
  34 plants (D:8)
80 creatures vanquished.

Grand Total: 398 creatures vanquished

Notes
Turn   | Place    | Note
-------+----------+-------------------------------------------
     0 | D:1      | jojo4K the Gargoyle Berserker began the quest for the Orb.
     0 | D:1      | Reached XP level 1. HP: 14/14 MP: 1/1
   244 | D:1      | Reached XP level 2. HP: 18/19 MP: 2/2
  1209 | D:2      | Found a hide-covered altar of Uskayaw.
  1218 | D:2      | Reached XP level 3. HP: 23/23 MP: 3/3
  1394 | D:2      | Reached skill level 1 in Shields
  1432 | D:2      | Reached ** piety under Trog
  1550 | D:2      | Found a glowing golden altar of the Shining One.
  1658 | D:2      | Found a runed door.
  1808 | D:2      | Reached skill level 4 in Maces & Flails
  1808 | D:2      | Reached XP level 4. HP: 25/28 MP: 4/4
  2027 | D:3      | Reached XP level 5. HP: 31/32 MP: 5/5
  2071 | D:3      | Found a radiant altar of Vehumet.
  2110 | D:3      | Identified the ring "Rujy" {+Fly rElec}
  2694 | D:4      | Reached skill level 5 in Maces & Flails
  2811 | D:4      | Reached XP level 6. HP: 36/37 MP: 6/6
  2821 | D:4      | Noticed a phantom
  2837 | D:4      | Killed a phantom
  2910 | D:4      | Reached *** piety under Trog
  3159 | D:4      | Found a glowing drain.
  3176 | Sewer    | Entered a sewer
  3351 | Sewer    | Reached XP level 7. HP: 31/41 MP: 7/7
  3555 | Sewer    | Reached skill level 6 in Maces & Flails
  3557 | Sewer    | Reached **** piety under Trog
  3851 | D:4      | Reached skill level 5 in Armour
  4717 | D:5      | Entered Level 5 of the Dungeon
  5101 | D:5      | Reached XP level 8. HP: 46/46 MP: 8/8
  5168 | D:5      | Found a sparkling altar of Nemelex Xobeh.
  5174 | D:5      | Found a shimmering altar of Xom.
  5175 | D:5      | Found a burning altar of Makhleb.
  5175 | D:5      | Found an opulent altar of Gozag.
  5178 | D:5      | Found a blossoming altar of Fedhas.
  5179 | D:5      | Found a hazy altar of Hepliaklqana.
  5185 | D:5      | Found an ancient bone altar of Kikubaaqudgha.
  5266 | D:5      | Reached skill level 7 in Maces & Flails
  5674 | D:5      | Paralysed by fainting for 11 turns
  5732 | D:5      | Reached skill level 5 in Shields
  5808 | D:6      | Reached skill level 8 in Maces & Flails
  5837 | D:6      | Noticed Edmund
  5868 | D:6      | Killed Edmund
  5869 | D:6      | Reached XP level 9. HP: 49/51 MP: 9/9
  6205 | D:6      | Found a staircase to the Ecumenical Temple.
  6676 | D:7      | Found an opulent altar of Gozag.
  6710 | D:7      | Found Jobial's Food Boutique.
  7035 | D:7      | Noticed a centaur warrior
  7046 | D:7      | Killed a centaur warrior
  7047 | D:7      | Reached skill level 9 in Maces & Flails
  7411 | D:7      | Found an iron altar of Okawaru.
  7411 | D:7      | Noticed a troll
  7419 | D:7      | Killed a troll
  7420 | D:7      | Reached skill level 10 in Maces & Flails
  8034 | D:8      | Reached XP level 10. HP: 55/56 MP: 10/10
  8064 | D:8      | Noticed Psyche
  8076 | D:8      | Killed Psyche
  8076 | D:8      | Reached ***** piety under Trog
  8116 | D:8      | Noticed a two-headed ogre
  8123 | D:8      | Killed a two-headed ogre
  8124 | D:8      | Reached skill level 11 in Maces & Flails
  8358 | D:8      | Noticed Harold
  8379 | D:8      | Killed Harold
  8443 | D:8      | Noticed Prince Ribbit
  8464 | D:8      | Killed Prince Ribbit
  8471 | D:8      | Reached XP level 11. HP: 43/60 MP: 11/11
  8583 | D:8      | Found a staircase to the Lair.
  8595 | D:8      | Reached skill level 12 in Maces & Flails
  8706 | D:8      | Identified the ring of the Sky {MR+ Str+4 Int+7 Dex+4}
  9020 | D:8      | Received a gift from Trog
  9042 | D:8      | Got a masterwork great mace {god gift}
  9043 | D:8      | Identified the +4 great mace "Ultimatum" {freeze, rPois
                  | Str+7 Int+2 Dex-3} (Trog gifted it to you on level 8 of the
                  | Dungeon)
  9258 | Lair:1   | Entered Level 1 of the Lair of Beasts
  9337 | Lair:1   | Gained mutation: You are covered in fur. (AC +1) [potion of
                  | mutation]
  9337 | Lair:1   | Gained mutation: You have a pair of small horns on your
                  | head. [potion of mutation]
  9339 | Lair:1   | Lost mutation: You have a pair of small horns on your head.
                  | [potion of mutation]
  9339 | Lair:1   | Gained mutation: You are robust. (+10% HP) [potion of
                  | mutation]
  9339 | Lair:1   | Gained mutation: You are very robust. (+20% HP) [potion of
                  | mutation]
  9339 | Lair:1   | Gained mutation: You are extremely robust. (+30% HP)
                  | [potion of mutation]
  9562 | Lair:1   | Reached skill level 10 in Armour
 10437 | Lair:2   | Noticed Urug
 10499 | Lair:2   | Killed Urug
 10625 | Lair:2   | Reached skill level 13 in Maces & Flails
 10625 | Lair:2   | Reached skill level 10 in Shields
 10682 | Lair:2   | Reached XP level 12. HP: 70/83 MP: 12/12
 10962 | Lair:2   | Found a hole to the Spider Nest.
 11129 | Lair:2   | Found a staircase to the Shoals.
 11159 | Spider:1 | Entered Level 1 of the Spider Nest
 11669 | Spider:1 | Reached skill level 14 in Maces & Flails
 12715 | Spider:2 | Noticed an emperor scorpion
 12727 | Spider:2 | Killed an emperor scorpion
 12729 | Spider:2 | HP: 4/124 [jumping spider (6)]
 12732 | Spider:2 | Slain by a redback

Skill      XL: |  1  2  3  4  5  6  7  8  9 10 11 12 |
---------------+-------------------------------------+-----
Armour         | 3 4 5 6 7 9 10 11 | 11.7
Shields        | 1 2 3 4 5 7 8 10 11 | 11.4
Maces & Flails | 4 5 6 8 10 11 13 14 | 14.7
Fighting       | |  3.3
Dodging        | |  1.5

Action                   |  1- 3 |  4- 6 |  7- 9 | 10-12 || total
-------------------------+-------+-------+-------+-------++-------
Melee: Mace              |   134 |   306 |   399 |       ||   839
       Dire flail        |       |       |    80 |   237 ||   317
       Great mace        |       |       |       |   160 ||   160
Invok: Berserk           |       |     4 |     6 |    11 ||    21
       Trog's Hand       |       |       |     1 |     1 ||     2
       Brothers in Arms  |       |       |     1 |       ||     1
  Use: Scroll            |       |     4 |     5 |     3 ||    12
       Potion            |       |       |       |    16 ||    16
  Eat: Chunk             |     7 |    11 |    23 |    22 ||    63
       Ration            |       |     2 |     5 |     5 ||    12
Armor: Animal skin       |    22 |       |       |       ||    22
       Scale mail        |    42 |   247 |   416 |   342 ||  1047
Dodge: Dodged            |    43 |   102 |   169 |   304 ||   618
Block: Medium shield     |    39 |   216 |   319 |       ||   574
